 Dungeon Crawl Stone Soup version 0.29.0-13-gc9e81de378 (webtiles) character file.

Game seed: 2598756493481749048

4140 Cape the Fighter (level 10, -1/92 HPs)
             Began as a Minotaur Berserker on Sept 9, 2022.
             Was an Elder of Trog.
             Slain by a manticore (13 damage)
             ... on level 8 of the Dungeon.
             The game lasted 00:25:14 (8869 turns).

Cape the Fighter (Minotaur Berserker)               Turns: 8869, Time: 00:25:14

Health: -1/92      AC: 16    Str: 26    XL:     10   Next: 7%
Magic:  9/9        EV: 10    Int:  4    God:    Trog [****..]
Gold:   248        SH: 10    Dex: 10    Spells: 9/9 levels left

rFire   . . .      SeeInvis .   a - +1 demon blade (venom)
rCold   . . .      Faith    .   m - +0 buckler
rNeg    . . .      Spirit   .   D - +1 chain mail
rPois   .          Reflect  +   (helmet restricted)
rElec   .          Harm     .   (no cloak)
rCorr   .          Rampage  .   y - +0 pair of gloves
Will    .....                   (no boots)
Stlth   ..........              x - amulet of reflection
HPRegen 0.25/turn               o - +4 ring of protection
MPRegen 0.11/turn               (no ring)

@: no status effects
A: horns 2, retaliatory headbutt
a: Renounce Religion, Berserk, Trog's Hand, Brothers in Arms


You were on level 8 of the Dungeon.
You worshipped Trog.
Trog was greatly pleased with you.
You visited 2 branches of the dungeon, and saw 9 of its levels.

You collected 528 gold pieces.
You spent 280 gold pieces at shops.

Inventory:

Hand Weapons
 a - a +1 demon blade of venom (weapon)
Missiles
 g - 63 stones (quivered)
 i - 6 poisoned darts
 C - 2 atropa-tipped darts
Armour
 m - a +0 buckler (worn)
 y - a +0 pair of gloves (worn)
 D - a +1 chain mail (worn)
Jewellery
 f - a ring of poison resistance
 o - a +4 ring of protection (left hand)
 x - an amulet of reflection (around neck)
Wands
 d - a wand of flame (16)
 u - a wand of acid (15)
 w - a wand of polymorph (9)
Scrolls
 e - 6 scrolls of teleportation
Potions
 b - a potion of haste
 c - 4 potions of mutation
 j - 2 potions of curing
 k - 2 potions of lignification {unknown}
 q - a potion of cancellation
 s - 2 potions of attraction {unknown}
 t - 2 potions of degeneration
 z - a potion of magic {unknown}
 A - 4 potions of heal wounds {unknown}
 B - 3 potions of berserk rage {unknown}


   Skills:
 * Level 9.6 Fighting
 * Level 9.6 Axes
 + Level 6.4 Armour
 + Level 6.1 Dodging
 + Level 5.7 Shields
 + Level 4.5 Evocations


You had 9 spell levels left.
You didn't know any spells.
Your spell library was empty.

Dungeon Overview and Level Annotations

Branches:
Dungeon (8/15)             Temple (1/1) D:6
   Lair: D:8-11

Altars:
Ashenzari
Cheibriados
Dithmenos
Elyvilon
Fedhas
Gozag
Hepliaklqana
Kikubaaqudgha
Makhleb
Nemelex Xobeh
Okawaru
Qazlal
Ru
Sif Muna
Trog
Uskayaw
Vehumet
Wu Jian
Xom
Yredelemnul
Zin
The Shining One

Shops:
D:1 (   D:6 (


Innate Abilities, Weirdness & Mutations

You have a pair of horns on your head.
You reflexively headbutt those who attack you in melee.


Message History

The splash of acid hits you!! The acid corrodes you!
You slash the slime creature!
The slime creature is almost dead.
You block the slime creature's attack.
A bullfrog comes into view.
You hit the slime creature. You headbutt the slime creature.
You kill the slime creature!
Trog accepts your kill.
The howler monkey hoots and howls with incredible vigour!
The manticore bites you!
The manticore claws you but does no damage.
The manticore barely misses you.
You hear a shout!
You hear a loud, deep croak!
You hear an angry buzzing noise.
As you read the scroll of teleportation, it crumbles to dust.
You feel strangely unstable.
The howler monkey hits you but does no damage.
You block the manticore's attack. x2
The manticore claws you but does no damage.
You hit the manticore.
You headbutt the manticore, but do no damage.
The manticore is lightly wounded.
You block the howler monkey's attack. The manticore bites you!
The manticore closely misses you. The manticore misses you.
The howler monkey hoots and howls with incredible vigour!
You hear an angry hiss.
You hear a roar!
You hear a shout!
You hear a roar!
You hear a shout! x3
You barely miss the howler monkey. You headbutt the howler monkey.
The howler monkey is lightly wounded.
The howler monkey hoots and howls with incredible vigour!
The manticore bites you!
* * * LOW HITPOINT WARNING * * *
The manticore closely misses you. The manticore claws you!
* * * LOW HITPOINT WARNING * * *
You hear a shout! x2; You hear a howl!
You hear an angry buzzing noise.
You feel strangely stable.
Your magical effects are unravelling.
You feel magically purged.
You are no longer corroded.
The howler monkey closely misses you. The manticore bites you!
You die...

.............#.>.#..........>..#
########.#####...#...###.###.###
#........# #####....##........
#........# #...............
#........### #.....'########+
#######....## #####.#.)......#
#.##..# #.#.'####+.# ###..##.###
#.#.#....#.# ........H@#
#.#.#.##.#.# ######..#h##
#.#.#.##.#.# ##..DF#
#[#.#....#.# ##...# #.#.'####+.#
##..# #.#........# #..#
#.'########' #..# #...........
)h.......# ###.####.#.#
#.#.#.#..# #.## #...#


You could see a manticore, an acid dragon, a bullfrog and a howler monkey
(catching breath).

Vanquished Creatures
  Amaemon (D:8)
  An orange demon (D:8)
  The ghost of paps the Covert, a novice OpDe (D:4)
  A slime creature (D:8)
  A water moccasin (D:8)
  5 orc warriors
  2 black bears
  A centaur (D:8)
  3 ogres
  3 necrophages
  2 scorpions
  3 wights (D:7)
  4 killer bees (D:7)
  6 howler monkeys
  2 hounds (D:5)
  2 jellies
  A gnoll bouda (D:8)
  8 orc priests
  Ijyb (D:4)
  5 orc wizards
  14 adders
  12 gnolls
  2 white imps
  A worm (D:2)
  4 dart slugs
  36 orcs
  9 ball pythons
  7 endoplasms
  2 giant cockroaches
  5 goblins
  7 hobgoblins
  4 jackals (D:2)
  6 kobolds
  3 quokkas
  11 bats
  A frilled lizard (D:1)
  5 rats
182 creatures vanquished.

Vanquished Creatures (others)
  3 plants (D:3)
3 creatures vanquished.

Grand Total: 185 creatures vanquished

Notes
Turn   | Place    | Note
-------+----------+-------------------------------------------
     0 | D:1      | Cape the Minotaur Berserker began the quest for the Orb.
     0 | D:1      | Reached XP level 1. HP: 19/19 MP: 0/0
    75 | D:1      | Reached XP level 2. HP: 18/27 MP: 1/1
   345 | D:1      | Reached ** piety under Trog
   378 | D:1      | Found Jyptosath's Weapon Emporium.
   498 | D:1      | Found a faded altar of an unknown god.
   564 | D:1      | Reached XP level 3. HP: 30/33 MP: 2/2
   775 | D:2      | Reached skill level 1 in Evocations
  1276 | D:2      | Reached XP level 4. HP: 21/41 MP: 3/3
  1866 | D:3      | Reached skill level 1 in Shields
  1872 | D:3      | Reached XP level 5. HP: 30/47 MP: 4/4
  2208 | D:3      | Identified the +5 dagger of Rixiaf {flame, rElec rN++ SInv}
  2696 | D:4      | Noticed paps's ghost (novice OpDe)
  2696 | D:4      | Noticed an ogre
  2697 | D:4      | Found a transporter.
  2713 | D:4      | Noticed Ijyb
  2765 | D:4      | Killed Ijyb
  2766 | D:4      | Reached skill level 5 in Axes
  2874 | D:4      | Reached skill level 5 in Fighting
  3164 | D:4      | Reached XP level 6. HP: 56/56 MP: 5/5
  3434 | D:4      | Found a transporter.
  3460 | D:4      | Killed paps's ghost
  3461 | D:4      | Reached XP level 7. HP: 62/62 MP: 6/6
  3525 | D:5      | Entered Level 5 of the Dungeon
  3856 | D:5      | Reached *** piety under Trog
  4566 | D:1      | Bought a +0 demon blade of venom for 280 gold pieces
  4979 | D:6      | Reached XP level 8. HP: 71/71 MP: 7/7
  5145 | D:6      | Found a shadowy altar of Dithmenos.
  5281 | D:6      | Found a staircase to the Ecumenical Temple.
  5297 | Temple   | Entered the Ecumenical Temple
  5726 | D:6      | Found Kaokk's Antique Weapon Shop.
  5933 | D:6      | Found a broken altar of Ashenzari.
  6508 | D:7      | Reached skill level 5 in Armour
  6931 | D:7      | Reached skill level 5 in Dodging
  7291 | D:7      | Reached XP level 9. HP: 50/81 MP: 8/8
  7649 | D:8      | Noticed Amaemon
  7649 | D:8      | Noticed an orange demon
  7661 | D:8      | Killed an orange demon
  7673 | D:8      | HP: 3/82 [Amaemon/+1 demon whip of venom (5)]
  7675 | D:8      | Killed Amaemon
  7676 | D:8      | Reached skill level 5 in Shields
  8054 | D:8      | Reached **** piety under Trog
  8427 | D:8      | Reached XP level 10. HP: 19/91 MP: 9/9
  8850 | D:8      | Noticed a manticore
  8869 | D:8      | Slain by a manticore

Illustrated notes

Levels and vault maps discovered:
D:1:      wander_arrival_estate, layout_rooms, serial_shops,
          nicolae_shop_bloodbath_and_beyond,
          shapermc_ecumenical_altar_mp_vishouse
D:2:      layout_loops_ring, due_unseen_surprise
D:3:      layout_loops_ring, columned_hall_lemuel, serial_bayou_pond_c
D:4:      layout_gridville, gammafunk_ghost_smash, uniq_ijyb
D:5:      kennysheep_six_static_rooms, layout_basic, grunt_ministairs_6,
          minivault_23
D:6:      layout_basic, mainiacjoe_overflow_big_doors,
          minmay_temple_entry_glassed_door, serial_shops, nicolae_shop_stone
D:7:      layout_rooms, chequers_serial_rivers_room_a
D:8:      minmay_the_grid_octo_triangle [minmay_the_grid_octo_clover,
          minmay_the_grid_octo_prize_star, minmay_the_grid_octo_teeth],
          layout_basic, special_room [special_room_orc],
          roderic_serpentine_path, minivault_22, minivault_11,
          grunt_ministairs_14, solitary_fountain, uniq_amaemon, uniq_psyche,
          uniq_prince_ribbit1
Temple:   mainiacjoe_temple_big_plus

Skill      XL: |  1  2  3  4  5  6  7  8  9 |
---------------+----------------------------+-----
Fighting       | 4 5 6 8 9 |  9.6
Axes           | 4 5 6 8 9 |  9.6
Evocations     | 1 2 3 4 |  4.5
Armour         | 3 4 5 6 |  6.4
Shields        | 1 2 3 4 5 |  5.7
Dodging        | 3 4 5 6 |  6.1

Action                   |  1- 3 |  4- 6 |  7- 9 | 10-12 || total
-------------------------+-------+-------+-------+-------++-------
Melee: Hand axe          |    79 |   101 |    75 |       ||   255
       Headbutt          |    11 |    15 |    53 |     6 ||    85
       Demon blade       |       |       |   229 |    10 ||   239
Throw: Dart              |       |       |     2 |       ||     2
       Stone             |       |       |     2 |       ||     2
Invok: Trog's Hand       |     1 |     3 |     2 |       ||     6
       Berserk           |     1 |     2 |     2 |       ||     5
Evoke: Wand              |       |     2 |       |       ||     2
  Use: Scroll            |       |       |    18 |     1 ||    19
       Potion            |       |       |     4 |     1 ||     5
 Stab: Sleeping          |       |     1 |       |       ||     1
Armor: Animal skin       |    17 |    20 |       |       ||    37
       Scale mail        |       |       |    37 |       ||    37
       Chain mail        |       |       |   109 |     7 ||   116
Dodge: Dodged            |    56 |    39 |   151 |     8 ||   254
Block: Buckler           |     2 |    11 |   167 |    12 ||   192
       Reflection        |       |       |     3 |       ||     3
